AoeStats
← ChinoR

Arabia

508787028Analyzed
2v2 RM · 7d ago on Sep 24, 2026· 54m 5s· 4 players
Game mode
Random Map
Map size
Medium (4 player)
Population
200
Speed
Normal
Resources
Standard
Victory
Conquest
Starting age
Dark Age
Ending age
Imperial Age
RankedLock teamsTeams togetherTeam positionsShared explorationLock speedFull tech treeHidden civsTurbo modeCheats
Victory
Defeat
🇨🇱 Wei · Chile
1294
+11
🇨🇱 Maya · Chile
1100
+19
🇦🇷 Varangians · Argentina
1183
-15
🇦🇷 Ethiopians · Argentina
1181
-15
MonoH
7:04 Loom
9:32 Feudal Age
12:21 Double-Bit Axe
12:19 Horse Collar
21:02 Castle Age
19:46 Bloodlines
21:22 Light Cavalry
24:42 Wheelbarrow
24:10 Husbandry
25:02 Bow Saw
25:44 Pikeman
27:15 Squires
35:54 Forging
35:50 Scale Barding Armor
40:10 Chain Barding Armor
40:25 Iron Casting
44:41 Imperial Age
46:01 Conscription
46:31 Plate Barding Armor
46:57 Blast Furnace
45:58 Elite Jarl
ChinoR
9:28 Feudal Age
11:31 Double-Bit Axe
12:27 Horse Collar
17:10 Loom
19:53 Castle Age
17:40 Loom
18:56 Gold Mining
19:01 Stone Mining
19:58 Fletching
20:09 Padded Archer Armor
21:17 Bow Saw
21:47 Wheelbarrow
21:17 Heavy Plow
22:16 Bodkin Arrow
22:37 Leather Archer Armor
29:01 Hand Cart
28:53 Crossbowman
29:38 Thumb Ring
30:01 Ballistics
33:54 Imperial Age
33:16 Scale Barding Armor
33:21 Forging
34:43 Husbandry
35:33 Light Cavalry
39:20 Chemistry
38:06 Elite Skirmisher
41:17 Hussar
44:28 Bracer
44:58 Ring Archer Armor
45:05 Iron Casting
44:30 Scale Mail Armor
44:51 Chain Barding Armor
43:56 Heavy Camel Rider
Koga
7:05 Loom
9:24 Feudal Age
10:00 Double-Bit Axe
15:26 Horse Collar
16:21 Bloodlines
18:53 Gold Mining
23:50 Castle Age
23:34 Stone Mining
24:42 Husbandry
25:03 Scale Barding Armor
25:15 Bow Saw
24:36 Light Cavalry
26:31 Chain Barding Armor
28:17 Wheelbarrow
28:45 Gold Shaft Mining
28:20 Heavy Plow
30:21 Hand Cart
30:25 Forging
34:41 Iron Casting
38:41 Imperial Age
36:48 Tuntian
36:43 Fletching
37:24 Town Watch
38:59 Heavy Hei Guang Cavalry
40:09 Ming Guang Armor
40:51 Conscription
42:47 Hoardings
42:50 Stone Shaft Mining
42:50 Crop Rotation
44:45 Elite Tiger Cavalry
47:43 Bodkin Arrow
49:15 Chemistry
48:43 Bracer
50:52 Blast Furnace
50:14 Ballistics
52:11 Hussar
rodrigolaramol96
5:11 Loom
10:39 Feudal Age
11:12 Double-Bit Axe
15:08 Fletching
16:38 Horse Collar
19:11 Wheelbarrow
20:02 Gold Mining
20:14 Stone Mining
22:42 Castle Age
20:57 Padded Archer Armor
23:24 Crossbowman
24:05 Bodkin Arrow
24:42 Heavy Plow
26:27 Leather Archer Armor
26:31 Bow Saw
27:13 Ballistics
27:59 Thumb Ring
29:13 Treadmill Crane
30:06 Masonry
31:26 Stone Mining
31:10 Elite Skirmisher
36:07 Imperial Age
36:00 Hand Cart
36:15 Arbalester
38:24 Chemistry
37:40 Bracer
38:46 Conscription
38:48 Murder Holes
39:23 Architecture
40:54 Town Watch
41:42 Crop Rotation
42:14 Two-Man Saw
40:49 Eagle Warrior
41:30 Squires
41:49 Elite Eagle Warrior
42:57 Town Patrol
44:39 Forging
44:29 Scale Mail Armor
45:00 Ring Archer Armor
45:02 Arson
46:22 Stone Shaft Mining
46:30 Hul'che Javelineers
47:02 Holcans
48:10 Iron Casting
47:51 Chain Mail Armor
50:02 Blast Furnace
50:27 Plate Mail Armor
51:57 Guard Tower
Connection lost

Rejoining the realm…

Still unreachable

The connection could not be restored.

Session expired

The server has moved on; the page needs a fresh start.